 Dungeon Crawl Stone Soup version 0.20.1-1-g8b1a95d (webtiles) character file.

204 Irenicus the Summoner (level 5, -6/28 HPs)
             Began as a Tengu Summoner on Oct 6, 2017.
             Mangled by an ogre
             ... wielding a cursed -3 giant spiked club
              (23 damage)
             ... on level 4 of the Dungeon.
             The game lasted 00:15:38 (2639 turns).

Irenicus the Summoner (Tengu Summoner)              Turns: 2639, Time: 00:15:38

Health: -6/28      AC:  2    Str:  9    XL:     5   Next: 82%
Magic:  9/9        EV: 12    Int: 16    God:    Xom [.*....]
Gold:   176        SH:  0    Dex: 14    Spells: 0/8 levels left

rFire    . . .     SeeInvis .   g - +3 dagger (chaos)
rCold    . . .     Gourm    .   (no shield)
rNeg     . . .     Faith    .   a - +0 robe
rPois    .         Spirit   .   (helmet restricted)
rElec    .         Reflect  .   (no cloak)
rCorr    .         Harm     .   (no gloves)
MR       .....                  (boots unavailable)
Stlth    ++........             (no amulet)
Regen    0.1/turn               (no ring)
MPRegen  0.2/turn               (no ring)

@: no status effects
A: beak, talons 3, able to fly 1
a: Fly, Renounce Religion


You were on level 4 of the Dungeon.
You worshipped Xom.
You were a plaything of Xom.
You were not hungry.

You visited 1 branch of the dungeon, and saw 4 of its levels.

You collected 176 gold pieces.

Inventory:

Hand Weapons
 g - a +3 dagger of chaos (weapon)
 n - a +1 flail of protection
Missiles
 m - 2 poisoned javelins (quivered)
Armour
 a - a +0 robe (worn)
 e - a +0 leather armour
Wands
 t - a wand of enslavement (9/24)
Scrolls
 f - 9 scrolls of identify {unknown}
 i - 2 scrolls of enchant armour {unknown}
 l - 2 scrolls of blinking {unknown}
 o - a scroll of amnesia {unknown}
Potions
 j - a potion of magic
 k - a potion of flight
 p - a potion of brilliance {unknown}
 r - a potion of berserk rage
 s - a potion of degeneration {unknown}
Books
 b - a book of Callings

   Spells                             Type                      Level
   a - Summon Small Mammal            Summoning                    1
   b - Call Imp                       Summoning                    2
   c - Call Canine Familiar           Summoning                    3
   d - Summon Guardian Golem          Hexes/Summoning              3
   e - Summon Lightning Spire         Summoning/Air                4
   f - Summon Ice Beast               Ice/Summoning                4
 q - a book of Conjurations

   Spells                             Type                      Level
   a - Magic Dart                     Conjuration                  1
   b - Searing Ray                    Conjuration                  2
   c - Dazzling Spray                 Conjuration/Hexes            3
   d - Fulminant Prism                Conjuration/Hexes            4
   e - Force Lance                    Conjuration/Translocation    4
   f - Iskenderun's Mystic Blast      Conjuration                  4
Comestibles
 c - 2 bread rations
 d - a meat ration
 h - 2 royal jellies
 u - a chunk of flesh


   Skills:
 + Level 0.4 Short Blades
 - Level 2.1 Dodging
 - Level 2.0 Stealth
 - Level 2.0 Spellcasting
 + Level 8.2 Summonings


You couldn't memorise any spells.
You knew the following spells:

 Your Spells              Type           Power        Failure   Level  Hunger
a - Summon Small Mammal   Summ           ####         1%          1    #......
b - Summon Guardian Gole  Hex/Summ       ##......     12%         3    ###....
c - Summon Lightning Spi  Summ/Air       ##......     36%         4    #####..


Dungeon Overview and Level Annotations

Branches:
Dungeon (4/15)
 Temple: D:4-7

Altars:
Ashenzari
Xom


Innate Abilities, Weirdness & Mutations

You have a beak for a mouth.
You have claws for feet.
You can fly.


Message History

Your quokka disappears in a puff of smoke!
You swap places.
You found a shaft!
You swap places.
Your bat disappears in a puff of smoke!
Xom's attention almost turns to you for a moment.
You feel a surge of energy from the ground.
Done exploring.
Done exploring.
(D) Dungeon
Where to? (Enter - D:2 @ (x,y), ? - help)
There is a stone staircase leading down here.
You climb downwards.
An ogre comes into view. It is wielding a giant spiked club.
The ogre shouts!
There is a stone staircase leading up here.
The ogre hits you with a giant spiked club!!
Ouch! That really hurt!
You die...
Xom thinks this is hilarious!

### ..# #.#
##.# #...
#..# #..#
#O<# #.@#
...........#
...........#
######.......
#..#####(#
#..# # #..#
##.#


You could see an ogre.

Vanquished Creatures
  An orc wizard (D:3)
  Ijyb (D:3)
  Terence (D:3)
  2 gnolls (D:3)
  An ooze (D:3)
  3 orcs (D:3)
  7 bats
  A giant cockroach (D:3)
  2 goblins
  4 hobgoblins
  A jackal (D:3)
  A ball python (D:2)
  2 frilled lizards (D:2)
  4 kobolds (D:2)
  3 rats
34 creatures vanquished.

Vanquished Creatures (collateral kills)
  4 gnolls
  6 adders
  A dart slug (D:1)
  A worm (D:1)
  A leopard gecko (D:2)
  3 orcs (D:3)
  2 bats
  2 goblins
  A hobgoblin (D:3)
  3 jackals (D:3)
  2 ball pythons
  A frilled lizard (D:1)
  7 kobolds
  6 rats (D:1)
40 creatures vanquished.

Grand Total: 74 creatures vanquished

Notes
Turn   | Place    | Note
-------+----------+-------------------------------------------
     0 | D:1      | Irenicus the Tengu Summoner began the quest for the Orb.
     0 | D:1      | Reached XP level 1. HP: 10/10 MP: 4/4
    61 | D:1      | Reached skill level 5 in Summonings
   228 | D:1      | Reached XP level 2. HP: 14/15 MP: 6/6
   586 | D:1      | Found an iron altar of Okawaru.
   591 | D:1      | Found a snail-covered altar of Cheibriados.
   591 | D:1      | Found a shimmering altar of Xom.
   593 | D:1      | Found a shadowy altar of Dithmenos.
   593 | D:1      | Found a glowing golden altar of the Shining One.
   593 | D:1      | Found a stormy altar of Qazlal.
   609 | D:1      | Became a worshipper of Xom of Unknown Intention
   887 | D:2      | XOM: potion effect (heal wounds)
   901 | D:2      | XOM: potion effect (invisibility)
   909 | D:2      | Reached XP level 3. HP: 19/19 MP: 1/7
   911 | D:2      | XOM: silly message
   913 | D:2      | Reached skill level 6 in Summonings
   919 | D:2      | Learned a level 3 spell: Summon Guardian Golem
  1029 | D:2      | XOM: harmless Conj miscast
  1299 | D:2      | XOM: divination: detect items
  1345 | D:2      | XOM: butterfly on damage
  1578 | D:2      | XOM: silly message
  1589 | D:2      | Reached XP level 4. HP: 11/24 MP: 5/8
  1654 | D:3      | XOM: butterfly on damage
  1692 | D:2      | XOM: confuse monster(s)
  1712 | D:2      | XOM: divination: detect items
  1793 | D:2      | XOM: harmless Hex miscast
  2001 | D:3      | Found a faded altar of an unknown god.
  2092 | D:3      | Reached skill level 7 in Summonings
  2097 | D:3      | XOM: cleaving
  2157 | D:3      | XOM: chaos upgrade
  2163 | D:3      | XOM: mild Erth miscast
  2174 | D:3      | XOM: blink monster(s)
  2181 | D:3      | Gained mutation: You can fly. [Tengu growth]
  2181 | D:3      | Reached XP level 5. HP: 9/28 MP: 0/9
  2208 | D:3      | XOM: silly message
  2344 | D:3      | Noticed Terence
  2351 | D:3      | XOM: enchant monster (good)
  2355 | D:3      | XOM: scenery: 1 doors open
  2385 | D:3      | Killed Terence
  2409 | D:3      | Found a shattered altar of Ashenzari.
  2435 | D:3      | Noticed Ijyb
  2456 | D:3      | Killed Ijyb
  2456 | D:3      | Reached skill level 8 in Summonings
  2484 | D:3      | XOM: butterfly on damage
  2491 | D:3      | Learned a level 4 spell: Summon Lightning Spire
  2573 | D:3      | XOM: harmless Erth miscast
  2638 | D:4      | Noticed an ogre
  2639 | D:4      | Mangled by an ogre

Skill      XL: |  1  2  3  4  5 |
---------------+----------------+-----
Summonings     | 5 6 7 8 |  8.2
Short Blades   | |  0.4
Dodging        | |  2.1
Stealth        | |  2.0
Spellcasting   | |  2.0

Action                   |  1- 3 |  4- 6 || total
-------------------------+-------+-------++-------
Melee: Unarmed           |    73 |     5 ||    78
       Kick              |    11 |     6 ||    17
       Peck              |    13 |     4 ||    17
       Flail             |       |    21 ||    21
       Dagger            |       |    22 ||    22
Throw: Javelin           |       |     1 ||     1
 Cast: Summon Small Mamm |    70 |    54 ||   124
       Summon Guardian G |       |     6 ||     6
       Summon Lightning  |       |     2 ||     2
  Use: Potion            |       |     5 ||     5
 Stab: Invisible         |     2 |       ||     2
       Sleeping          |     2 |       ||     2
       Distracted        |       |     1 ||     1
       Petrifying        |       |     1 ||     1
  Eat: Chunk             |     3 |     6 ||     9
Armor: Robe              |    19 |    12 ||    31
       Skin              |       |     5 ||     5
Dodge: Dodged            |    59 |    43 ||   102
